Flyers vs Wild
(R1)
Created - 12 mars 2015 at 19:06
Goals
|
Flyers |
2 |
0 |
0 |
2 |
Wild |
0 |
5 |
1 |
6 |
|
Shots
|
Flyers |
17 |
6 |
10 |
33 |
Wild |
7 |
17 |
6 |
30 |
|
1st period
1. Flyers , Jeff O'Neill 8 (Eric Brewer, Hnat Domenichelli) at 1:07
2. Flyers , Jarome Iginla 34 (Kyle Wellwood) at 13:27 (PP)
Penalties :
Glen Metropolit (Min) for Hooking (Minor) at 12:46
2nd period
3. Wild , R.J. Umberger 21 (Chris Drury) at 3:14
4. Wild , Fredrik Modin 17 (Pascal Dupuis, Alexei Kovalev) at 4:48
5. Wild , Chris Drury 26 (Daniel Briere, Martin Brodeur) at 6:30 (PP)
6. Wild , Matt Moulson 12 (Alexei Kovalev, Vaclav Prospal) at 14:02 (PP)
7. Wild , Pascal Dupuis 6 (Fredrik Modin, Kristopher Letang) at 18:34
Penalties :
Jeff Carter (Phi) for Interference (Minor) at 5:12, Kyle Wellwood (Phi) for Hooking (Minor) at 13:25
3rd period
8. Wild , Daniel Briere 36 (Fedor Tyutin, R.J. Umberger) at 9:13 (PP)
Penalties :
Niklas Kronwall (Min) for High sticking (Minor) at 2:06, Michael Ryder (Phi) for Hooking (Minor) at 8:58, Alexei Kovalev (Min) for Hooking (Minor) at 10:16, Glen Metropolit (Min) for Tripping (Minor) at 13:55, Chris Drury (Min) for Holding (Minor) at 19:12
Goalie Stats
Adam Munro (Phi), 10 saves from 12 shots - (0,833), 25:58 minutes
Niklas Backstrom (Phi), 14 saves from 18 shots - (0,778), L, 6-9-1, 34:02 minutes
Martin Brodeur (Min), 31 saves from 33 shots - (0,939), W, 31-24-5, 60:00 minutes
Players Stats for Flyers
Player Name G A P +/- PIM S H SB GA TA FO MP PP MP PK MP
------------------------------------------------------------------------------------
Eric Brewer 0 1 1 0 0 1 1 2 0 0 0/0 24:00 4:02 0:37
Hnat Domenichelli 0 1 1 1 0 0 1 0 1 0 0/0 7:42 0:00 0:00
Jarome Iginla 1 0 1 -2 0 6 1 0 0 0 0/1 20:41 3:56 0:00
Jeff Carter 0 0 0 -1 2 2 0 0 2 1 16/28 19:43 3:29 0:00
Jeff O'Neill 1 0 1 1 0 5 0 1 0 1 3/3 7:42 0:00 0:00
Jeff Woywitka 0 0 0 0 0 2 4 1 0 0 0/0 24:09 4:07 0:37
Jonathan Ericsson 0 0 0 -2 0 2 0 1 1 0 0/0 24:12 3:18 1:33
Kyle Wellwood 0 1 1 -2 2 1 5 0 0 0 9/18 21:01 3:56 0:21
Martin St. Louis 0 0 0 -1 0 2 2 1 1 2 1/3 19:44 3:29 0:00
Matthew Lombardi 0 0 0 0 0 2 0 0 0 0 2/3 11:32 0:00 1:49
Michael Ryder 0 0 0 0 2 0 2 1 0 0 0/0 9:42 0:00 0:00
Mike York 0 0 0 -1 0 4 5 0 0 0 0/2 19:44 3:29 0:00
Nils Ekman 0 0 0 1 0 0 1 0 0 0 0/2 9:31 0:00 1:49
Petr Schastlivy 0 0 0 0 0 1 0 0 0 0 1/2 9:43 0:00 0:00
Randy Jones 0 0 0 0 0 0 0 1 0 1 0/0 13:12 0:00 1:33
Scott Hartnell 0 0 0 -2 0 1 2 1 1 0 1/1 21:02 3:56 0:21
Stephane Robidas 0 0 0 -2 0 2 2 2 0 1 0/0 22:48 3:23 0:00
Trevor Daley 0 0 0 0 0 2 1 1 0 0 0/0 11:39 0:00 0:00
Players Stats for Wild
Player Name G A P +/- PIM S H SB GA TA FO MP PP MP PK MP
------------------------------------------------------------------------------------
Alexei Kovalev 0 2 2 0 2 0 0 0 0 0 0/0 15:21 0:36 0:00
Anson Carter 0 0 0 -1 0 1 0 0 0 0 0/1 6:59 0:00 0:00
Chris Drury 1 1 2 1 2 5 1 0 0 1 18/33 22:04 1:34 2:28
Cody McLeod 0 0 0 -1 0 1 0 0 0 0 0/0 8:56 0:00 1:46
Daniel Briere 1 1 2 1 0 2 3 1 1 0 1/3 19:37 1:34 0:00
Fedor Tyutin 0 1 1 2 0 2 2 4 0 1 0/0 23:23 1:25 0:00
Fredrik Modin 1 1 2 2 0 2 2 0 1 1 0/0 12:09 0:00 1:32
Glen Metropolit 0 0 0 2 4 2 1 0 1 0 6/13 13:06 0:00 2:27
Greg Zanon 0 0 0 1 0 1 3 0 0 2 0/0 19:39 0:45 2:28
Kristopher Letang 0 1 1 2 0 4 2 2 1 0 0/0 25:33 1:25 2:28
Mark Eaton 0 0 0 1 0 1 0 0 0 1 0/0 22:13 0:45 4:57
Matt Moulson 1 0 1 0 0 2 2 0 1 0 1/1 15:11 0:36 0:00
Niklas Kronwall 0 0 0 -1 2 0 1 0 0 0 0/0 12:20 0:00 0:00
Pascal Dupuis 1 1 2 2 0 1 3 0 0 0 0/0 14:36 0:00 4:07
R.J. Umberger 1 1 2 1 0 3 2 2 1 0 0/0 19:37 1:34 0:00
Rich Peverley 0 0 0 -1 0 1 0 1 0 0 1/2 9:21 0:00 2:15
Toni Lydman 0 0 0 -1 0 2 2 4 0 0 0/0 16:58 0:00 4:57
Vaclav Prospal 0 1 1 0 0 0 2 0 0 0 3/10 15:27 0:36 0:15
3 Stars
1 - Pascal Dupuis (Min)
2 - Fredrik Modin (Min)
3 - Daniel Briere (Min)
Power Play
Flyers - 1 on 5 Attempt(s) - 20,00%
Wild - 3 on 3 Attempt(s) - 100,00%
Penalty Kill
Flyers - 0 on 3 Attempt(s) - 0,00%
- Score 0 goal in Penalty Kill
Wild - 4 on 5 Attempt(s) - 80,00%
- Score 0 goal in Penalty Kill
Team Stat
Flyers - Hits : 27 - Faceoff Wins : 33 - Blocked Shots : 12 - Penalty Minutes : 6
Wild - Hits : 26 - Faceoff Wins : 30 - Blocked Shots : 14 - Penalty Minutes : 10
Official
Referees : Leggo Mike and Auger Stephane
Linesman : Steve Barton and Vaughan Rody
Game Notes
Adam Munro enters game at 14:02 of 2nd period
Finance
Level 1 -- Attendance: 3382 (56,37%) -- Ticket Income 422 750 $
Level 2 -- Attendance: 2858 (57,16%) -- Ticket Income 214 350 $
Level 3 -- Attendance: 1114 (55,70%) -- Ticket Income 55 700 $
Level 4 -- Attendance: 1600 (40,00%) -- Ticket Income 64 000 $
Luxury Box -- Attendance: 707 (70,70%) -- Ticket Income 141 400 $
Game was played at the Forest Center'
Total Attendance: 9661 (53,67%)
Total Ticket Income: 898 200 $
Other Income: 134 730 $
Total Income: 1 032 930 $
Flyers
5 vs 5 Forward
Center Left Wing Right Wing Time % Phy DF OF
1 Jeff Carter Mike York Martin St. Louis 40 0 0 5
2 Kyle Wellwood Scott Hartnell Jarome Iginla 40 0 0 5
3 Matthew Lombardi Petr Schastlivy Michael Ryder 15 0 4 1
4 Jeff O'Neill Hnat Domenichelli Nils Ekman 5 0 5 0
5 vs 5 Defense
Defense Defense Time % Phy DF OF
1 Stephane Robidas Jonathan Ericsson 40 0 1 4
2 Eric Brewer Jeff Woywitka 40 0 1 4
3 Randy Jones Trevor Daley 15 0 5 0
4 Eric Brewer Jeff Woywitka 5 0 2 3
PowerPlay Forward
Center Left Wing Right Wing Time % Phy DF OF
1 Kyle Wellwood Scott Hartnell Jarome Iginla 60 0 0 5
2 Jeff Carter Mike York Martin St. Louis 40 0 0 5
PowerPlay Defense
Defense Defense Time % Phy DF OF
1 Stephane Robidas Jeff Woywitka 50 0 1 4
2 Eric Brewer Jonathan Ericsson 50 0 1 4
Penalty Kill 4 Players Forward
Center Wing Time % Phy DF OF
1 Matthew Lombardi Nils Ekman 60 0 5 0
2 Kyle Wellwood Scott Hartnell 40 0 5 0
Penalty Kill 4 Players Defense
Defense Defense Time % Phy DF OF
1 Randy Jones Jonathan Ericsson 60 0 5 0
2 Jeff Woywitka Eric Brewer 40 0 5 0
Penalty Kill - 3 Players Forward
Forward Time % Phy DF OF
1 Matthew Lombardi 60 0 5 0
2 Kyle Wellwood 40 0 5 0
Penalty Kill - 3 Players Defense
Defense Defense Time % Phy DF OF
1 Jonathan Ericsson Randy Jones 60 0 5 0
2 Eric Brewer Jeff Woywitka 40 0 5 0
4 vs 4 Forward
Center Wing Time % Phy DF OF
1 Jeff Carter Martin St. Louis 60 0 0 5
2 Kyle Wellwood Jarome Iginla 40 0 0 5
4 vs 4 Defense
Defense Defense Time % Phy DF OF
1 Stephane Robidas Jeff Woywitka 50 0 2 3
2 Eric Brewer Jonathan Ericsson 50 0 2 3
Last Minutes Offensive
Center Left Wing Right Wing Defense Defense
Jeff Carter Scott Hartnell Jarome Iginla Stephane Robidas Jeff Woywitka
Last Minutes Defensive
Center Left Wing Right Wing Defense Defense
Martin St. Louis Scott Hartnell Matthew Lombardi Jeff Woywitka Jonathan Ericsson
Goaltenders
Starting : Niklas Backstrom
Backup : Adam Munro
Extra Forwards
Normal : Jeff Carter, Jarome Iginla, Martin St. Louis - PP : Jeff Carter, Jarome Iginla - PK : Matthew Lombardi
Extra Defensemen
Normal : Stephane Robidas, Jeff Woywitka, Jonathan Ericsson - PP : Stephane Robidas - PK : Jeff Woywitka, Jonathan Ericsson
Penalty Shots
Jeff Carter, Jarome Iginla, Martin St. Louis, Michael Ryder, Jeff O'Neill
Wild
5 vs 5 Forward
Center Left Wing Right Wing Time % Phy DF OF
1 Chris Drury R.J. Umberger Daniel Briere 40 2 0 3
2 Vaclav Prospal Matt Moulson Alexei Kovalev 30 0 2 3
3 Glen Metropolit Fredrik Modin Pascal Dupuis 20 1 1 3
4 Rich Peverley Cody McLeod Anson Carter 10 2 1 2
5 vs 5 Defense
Defense Defense Time % Phy DF OF
1 Kristopher Letang Fedor Tyutin 45 0 4 1
2 Mark Eaton Greg Zanon 35 1 3 1
3 Toni Lydman Niklas Kronwall 20 1 3 1
4 Fedor Tyutin Kristopher Letang 0 1 3 1
PowerPlay Forward
Center Left Wing Right Wing Time % Phy DF OF
1 Chris Drury R.J. Umberger Daniel Briere 60 0 0 5
2 Vaclav Prospal Matt Moulson Alexei Kovalev 40 0 0 5
PowerPlay Defense
Defense Defense Time % Phy DF OF
1 Kristopher Letang Fedor Tyutin 60 0 2 3
2 Mark Eaton Greg Zanon 40 0 2 3
Penalty Kill 4 Players Forward
Center Wing Time % Phy DF OF
1 Glen Metropolit Pascal Dupuis 60 1 3 1
2 Fredrik Modin Rich Peverley 40 1 3 1
Penalty Kill 4 Players Defense
Defense Defense Time % Phy DF OF
1 Mark Eaton Toni Lydman 60 2 3 0
2 Greg Zanon Kristopher Letang 40 2 3 0
Penalty Kill - 3 Players Forward
Forward Time % Phy DF OF
1 Glen Metropolit 60 1 4 0
2 Pascal Dupuis 40 1 4 0
Penalty Kill - 3 Players Defense
Defense Defense Time % Phy DF OF
1 Mark Eaton Toni Lydman 60 2 3 0
2 Niklas Kronwall Greg Zanon 40 2 3 0
4 vs 4 Forward
Center Wing Time % Phy DF OF
1 Daniel Briere Chris Drury 60 1 1 3
2 Vaclav Prospal R.J. Umberger 40 1 1 3
4 vs 4 Defense
Defense Defense Time % Phy DF OF
1 Kristopher Letang Fedor Tyutin 60 1 3 1
2 Mark Eaton Greg Zanon 40 1 3 1
Last Minutes Offensive
Center Left Wing Right Wing Defense Defense
Chris Drury R.J. Umberger Daniel Briere Kristopher Letang Fedor Tyutin
Last Minutes Defensive
Center Left Wing Right Wing Defense Defense
Glen Metropolit Pascal Dupuis Rich Peverley Niklas Kronwall Mark Eaton
Goaltenders
Starting : Martin Brodeur
Backup : Julien Ellis
Extra Forwards
Normal : Chris Drury, Daniel Briere, Alexei Kovalev - PP : Chris Drury, Daniel Briere - PK : Glen Metropolit
Extra Defensemen
Normal : Kristopher Letang, Fedor Tyutin, Niklas Kronwall - PP : Kristopher Letang - PK : Fedor Tyutin, Mark Eaton
Penalty Shots
Daniel Briere, Chris Drury, Vaclav Prospal, R.J. Umberger, Alexei Kovalev
% Time on Ice - Flyers
Lines # - Real PCT - Wanted PCT - Time Play
Normal Forward
1 - 32% - 40% - 16:11
2 - 33% - 40% - 16:49
3 - 19% - 15% - 9:43
4 - 15% - 5% - 7:42
Normal Defense
1 - 39% - 40% - 19:25
2 - 37% - 40% - 18:25
3 - 23% - 15% - 11:39
4 - 2% - 5% - 0:56
PP Forward
1 - 53% - 60% - 3:56
2 - 47% - 40% - 3:29
PP Defense
1 - 56% - 50% - 4:07
2 - 44% - 50% - 3:18
PK Forward
1 - 84% - 60% - 1:49
2 - 16% - 40% - 0:21
PK Defense
1 - 72% - 60% - 1:33
2 - 28% - 40% - 0:37
PK3 Forward
1 - 0% - 60%
2 - 0% - 40%
PK3 Defense
1 - 0% - 60%
2 - 0% - 40%
44 Forward
1 - 0% - 60%
2 - 0% - 40%
44 Defense
1 - 0% - 50%
2 - 0% - 50%
Last Minute Offensive - 0:00
Last Minute Defensive - 0:00
Total
Forward - 60:00
Defense - 60:00
|
% Time on Ice - Wild
Lines # - Real PCT - Wanted PCT - Time Play
Normal Forward
1 - 36% - 40% - 18:15
2 - 29% - 30% - 14:42
3 - 21% - 20% - 10:29
4 - 14% - 10% - 6:59
Normal Defense
1 - 44% - 45% - 21:56
2 - 32% - 35% - 16:15
3 - 24% - 20% - 12:14
4 - 0% - 0% - 0:00
PP Forward
1 - 72% - 60% - 1:34
2 - 28% - 40% - 0:36
PP Defense
1 - 65% - 60% - 1:25
2 - 35% - 40% - 0:45
PK Forward
1 - 83% - 60% - 6:08
2 - 17% - 40% - 1:17
PK Defense
1 - 67% - 60% - 4:57
2 - 33% - 40% - 2:28
PK3 Forward
1 - 0% - 60%
2 - 0% - 40%
PK3 Defense
1 - 0% - 60%
2 - 0% - 40%
44 Forward
1 - 0% - 60%
2 - 0% - 40%
44 Defense
1 - 0% - 60%
2 - 0% - 40%
Last Minute Offensive - 0:00
Last Minute Defensive - 0:00
Total
Forward - 60:00
Defense - 60:00
|
Play by Play
1st period
0:01 of 1st period - Chris Drury wins face-off versus Jeff Carter in neutral zone.
0:26 of 1st period - Scott Hartnell is hit by Matt Moulson and loses puck.
0:35 of 1st period - Wrist shot by Alexei Kovalev.
0:35 of 1st period - Shot Blocked by Scott Hartnell.
0:37 of 1st period - Slapshot by Greg Zanon.
0:37 of 1st period - Shot Blocked by Stephane Robidas.
0:55 of 1st period - Snap shot by Michael Ryder.
0:55 of 1st period - Deflect By Matthew Lombardi.
0:55 of 1st period - Stopped by Martin Brodeur without a rebound.
0:56 of 1st period - Jeff O'Neill wins face-off versus Anson Carter in Wild zone.
1:05 of 1st period - Wrist shot by Hnat Domenichelli.
1:05 of 1st period - Shot Blocked by Rich Peverley.
1:07 of 1st period - Snap shot by Eric Brewer.
1:07 of 1st period - Deflect By Jeff O'Neill.
1:07 of 1st period - Goal by Jeff O'Neill - Flyers : 1 - Wild : 0.
1:08 of 1st period - Jeff Carter wins face-off versus Chris Drury in neutral zone.
1:11 of 1st period - Chris Drury is hit by Mike York and loses puck.
1:34 of 1st period - Scott Hartnell is hit by Vaclav Prospal.
2:01 of 1st period - Petr Schastlivy is hit by Glen Metropolit and loses puck.
2:48 of 1st period - Snap shot by Daniel Briere.
2:48 of 1st period - Shot Blocked by Martin St. Louis.
3:00 of 1st period - Matt Moulson is hit by Eric Brewer and loses puck.
3:05 of 1st period - Snap shot by Jarome Iginla.
3:05 of 1st period - Shot Misses the Net.
3:07 of 1st period - Slapshot by Jeff Woywitka.
3:07 of 1st period - Stopped by Martin Brodeur without a rebound.
3:08 of 1st period - Kyle Wellwood wins face-off versus Daniel Briere in Wild zone.
3:09 of 1st period - Snap shot by Jarome Iginla.
3:09 of 1st period - Shot Misses the Net.
3:12 of 1st period - Icing by Daniel Briere.
3:13 of 1st period - Chris Drury wins face-off versus Kyle Wellwood in Wild zone.
3:13 of 1st period - Chris Drury is hit by Kyle Wellwood.
3:25 of 1st period - Snap shot by Daniel Briere.
3:25 of 1st period - Shot Misses the Net.
3:27 of 1st period - Snap shot by Kristopher Letang.
3:27 of 1st period - Stopped by Niklas Backstrom with a rebound.
3:29 of 1st period - Slapshot by Fedor Tyutin.
3:29 of 1st period - Deflect By Jarome Iginla.
3:29 of 1st period - Stopped by Niklas Backstrom with a rebound.
3:41 of 1st period - Slapshot by Alexei Kovalev.
3:41 of 1st period - Shot Hit the Post.
3:43 of 1st period - Slapshot by Fedor Tyutin.
3:43 of 1st period - Shot Blocked by Stephane Robidas.
3:45 of 1st period - Wrist shot by Fedor Tyutin.
3:45 of 1st period - Stopped by Niklas Backstrom without a rebound.
3:46 of 1st period - Glen Metropolit wins face-off versus Jeff Carter in Flyers zone.
3:47 of 1st period - Snap shot by Pascal Dupuis.
3:47 of 1st period - Shot Misses the Net.
3:53 of 1st period - Eric Brewer is hit by Niklas Kronwall.
4:38 of 1st period - Toni Lydman is hit by Michael Ryder and loses puck.
4:57 of 1st period - Snap shot by Anson Carter.
4:57 of 1st period - Shot Blocked by Trevor Daley.
5:29 of 1st period - Slapshot by Scott Hartnell.
5:29 of 1st period - Deflect By Kyle Wellwood.
5:29 of 1st period - Stopped by Martin Brodeur without a rebound.
5:30 of 1st period - Chris Drury wins face-off versus Kyle Wellwood in Wild zone.
5:30 of 1st period - Chris Drury is hit by Jarome Iginla.
5:58 of 1st period - Snap shot by Vaclav Prospal.
5:58 of 1st period - Shot Misses the Net.
6:00 of 1st period - Wrist shot by Kristopher Letang.
6:00 of 1st period - Deflect By Matt Moulson.
6:00 of 1st period - Shot Blocked by Jeff Woywitka.
6:00 of 1st period - Puck is out of play.
6:01 of 1st period - Jeff Carter wins face-off versus Vaclav Prospal in Flyers zone.
6:12 of 1st period - Snap shot by Martin St. Louis.
6:12 of 1st period - Deflect By Vaclav Prospal.
6:12 of 1st period - Stopped by Martin Brodeur with a rebound.
6:14 of 1st period - Snap shot by Stephane Robidas.
6:14 of 1st period - Shot Misses the Net.
6:16 of 1st period - Slapshot by Jonathan Ericsson.
6:16 of 1st period - Shot Misses the Net.
7:05 of 1st period - Fedor Tyutin is hit by Jeff Woywitka and loses puck.
7:18 of 1st period - Jeff Woywitka is hit by Fedor Tyutin and loses puck.
7:39 of 1st period - Wrist shot by Jeff Carter.
7:39 of 1st period - Deflect By Martin St. Louis.
7:39 of 1st period - Stopped by Martin Brodeur without a rebound.
7:40 of 1st period - Chris Drury wins face-off versus Kyle Wellwood in Wild zone.
7:51 of 1st period - Scott Hartnell is hit by R.J. Umberger and loses puck.
8:31 of 1st period - Anson Carter is hit by Trevor Daley and loses puck.
8:42 of 1st period - Slapshot by R.J. Umberger.
8:42 of 1st period - Stopped by Niklas Backstrom with a rebound.
8:44 of 1st period - Slapshot by Niklas Kronwall.
8:44 of 1st period - Shot Blocked by Eric Brewer.
8:56 of 1st period - Rich Peverley is hit by Jeff Woywitka and loses puck.
9:37 of 1st period - Snap shot by Chris Drury.
9:37 of 1st period - Stopped by Niklas Backstrom with a rebound.
9:39 of 1st period - Wrist shot by Glen Metropolit.
9:39 of 1st period - Shot Blocked by Michael Ryder.
9:41 of 1st period - Snap shot by Toni Lydman.
9:41 of 1st period - Stopped by Niklas Backstrom with a rebound.
11:36 of 1st period - Snap shot by Jeff O'Neill.
11:36 of 1st period - Stopped by Martin Brodeur without a rebound.
11:37 of 1st period - Jeff O'Neill wins face-off versus Vaclav Prospal in Wild zone.
11:40 of 1st period - Slapshot by Jeff O'Neill.
11:40 of 1st period - Stopped by Martin Brodeur without a rebound.
11:41 of 1st period - Kyle Wellwood wins face-off versus Chris Drury in Wild zone.
12:04 of 1st period - Jeff Woywitka is hit by Fedor Tyutin and loses puck.
12:23 of 1st period - Slapshot by Jarome Iginla.
12:23 of 1st period - Stopped by Martin Brodeur with a rebound.
12:25 of 1st period - Slapshot by Eric Brewer.
12:25 of 1st period - Shot Blocked by Fedor Tyutin.
12:27 of 1st period - Slapshot by Jarome Iginla.
12:27 of 1st period - Shot Blocked by Kristopher Letang.
12:29 of 1st period - Slapshot by Scott Hartnell.
12:29 of 1st period - Shot Misses the Net.
12:31 of 1st period - Wrist shot by Kyle Wellwood.
12:31 of 1st period - Shot Blocked by Fedor Tyutin.
12:33 of 1st period - Slapshot by Jeff Woywitka.
12:33 of 1st period - Deflect By R.J. Umberger.
12:33 of 1st period - Stopped by Martin Brodeur without a rebound.
12:34 of 1st period - Jeff Carter wins face-off versus Glen Metropolit in Wild zone.
12:46 of 1st period - Minor Penalty to Glen Metropolit for Hooking.
12:47 of 1st period - Chris Drury wins face-off versus Mike York in Wild zone.
12:57 of 1st period - Slapshot by Martin St. Louis.
12:57 of 1st period - Shot Misses the Net.
13:21 of 1st period - Slapshot by Stephane Robidas.
13:21 of 1st period - Stopped by Martin Brodeur without a rebound.
13:22 of 1st period - Rich Peverley wins face-off versus Kyle Wellwood in Wild zone.
13:27 of 1st period - Snap shot by Jarome Iginla.
13:27 of 1st period - Goal by Jarome Iginla - Flyers : 2 - Wild : 0.
13:28 of 1st period - Jeff Carter wins face-off versus Chris Drury in neutral zone.
13:35 of 1st period - Snap shot by Jeff Carter.
13:35 of 1st period - Shot Misses the Net.
13:37 of 1st period - Backhand shot by Eric Brewer.
13:37 of 1st period - Shot Blocked by Daniel Briere.
13:39 of 1st period - Slapshot by Eric Brewer.
13:39 of 1st period - Stopped by Martin Brodeur without a rebound.
13:40 of 1st period - Kyle Wellwood wins face-off versus Chris Drury in Wild zone.
13:43 of 1st period - Wrist shot by Jarome Iginla.
13:43 of 1st period - Stopped by Martin Brodeur with a rebound.
13:53 of 1st period - Slapshot by Daniel Briere.
13:53 of 1st period - Shot Misses the Net.
13:55 of 1st period - Snap shot by Chris Drury.
13:55 of 1st period - Shot Misses the Net.
13:57 of 1st period - Wrist shot by Fedor Tyutin.
13:57 of 1st period - Shot Blocked by Jonathan Ericsson.
14:07 of 1st period - Kristopher Letang is hit by Mike York and loses puck.
14:16 of 1st period - Snap shot by Jeff Carter.
14:16 of 1st period - Shot Misses the Net.
14:18 of 1st period - Slapshot by Jeff Woywitka.
14:18 of 1st period - Deflect By Martin St. Louis.
14:18 of 1st period - Shot Blocked by Kristopher Letang.
14:18 of 1st period - Puck is out of play.
14:19 of 1st period - Chris Drury wins face-off versus Matthew Lombardi in Wild zone.
14:40 of 1st period - Mark Eaton is hit by Michael Ryder and loses puck.
14:51 of 1st period - Kyle Wellwood is hit by Vaclav Prospal and loses puck.
16:04 of 1st period - Wrist shot by Vaclav Prospal.
16:04 of 1st period - Deflect By Matt Moulson.
16:04 of 1st period - Stopped by Niklas Backstrom without a rebound.
16:05 of 1st period - Chris Drury wins face-off versus Mike York in Flyers zone.
16:09 of 1st period - Icing by Jeff Woywitka.
16:10 of 1st period - Chris Drury wins face-off versus Jeff Carter in Flyers zone.
16:29 of 1st period - R.J. Umberger is hit by Mike York and loses puck.
16:38 of 1st period - Slapshot by Martin St. Louis.
16:38 of 1st period - Deflect By Mike York.
16:38 of 1st period - Shot Misses the Net.
16:38 of 1st period - Puck is out of play.
16:39 of 1st period - Vaclav Prospal wins face-off versus Kyle Wellwood in Wild zone.
16:46 of 1st period - Slapshot by Stephane Robidas.
16:46 of 1st period - Shot Blocked by Fedor Tyutin.
16:48 of 1st period - Snap shot by Scott Hartnell.
16:48 of 1st period - Stopped by Martin Brodeur without a rebound.
16:49 of 1st period - Kyle Wellwood wins face-off versus Vaclav Prospal in Wild zone.
18:15 of 1st period - Snap shot by Jarome Iginla.
18:15 of 1st period - Stopped by Martin Brodeur with a rebound.
18:21 of 1st period - Wrist shot by Jarome Iginla.
18:21 of 1st period - Shot Misses the Net.
18:53 of 1st period - Snap shot by Scott Hartnell.
18:53 of 1st period - Shot Blocked by Fedor Tyutin.
19:11 of 1st period - Snap shot by Kyle Wellwood.
19:11 of 1st period - Shot Misses the Net.
19:13 of 1st period - Wrist shot by Scott Hartnell.
19:13 of 1st period - Shot Misses the Net.
19:15 of 1st period - Slapshot by Jonathan Ericsson.
19:15 of 1st period - Stopped by Martin Brodeur without a rebound.
19:16 of 1st period - Chris Drury wins face-off versus Jeff Carter in Wild zone.
Goals for this period are 2 for Flyers vs 0 for Wild.
Shots for this period are 17 for Flyers vs 7 for Wild.
2nd period
0:01 of 2nd period - Chris Drury wins face-off versus Jeff Carter in neutral zone.
0:06 of 2nd period - Greg Zanon is hit by Mike York and loses puck.
0:35 of 2nd period - Snap shot by Jarome Iginla.
0:35 of 2nd period - Stopped by Martin Brodeur with a rebound.
0:49 of 2nd period - Snap shot by Rich Peverley.
0:49 of 2nd period - Stopped by Niklas Backstrom with a rebound.
0:51 of 2nd period - Slapshot by Mark Eaton.
0:51 of 2nd period - Stopped by Niklas Backstrom without a rebound.
0:52 of 2nd period - Jeff Carter wins face-off versus Rich Peverley in Flyers zone.
0:57 of 2nd period - Wrist shot by Mike York.
0:57 of 2nd period - Stopped by Martin Brodeur without a rebound.
0:58 of 2nd period - Jeff Carter wins face-off versus Chris Drury in Wild zone.
1:11 of 2nd period - Randy Jones is hit by Toni Lydman and loses puck.
1:24 of 2nd period - Trevor Daley is hit by Pascal Dupuis and loses puck.
1:31 of 2nd period - Niklas Kronwall is hit by Kyle Wellwood.
1:35 of 2nd period - Wrist shot by Fredrik Modin.
1:35 of 2nd period - Stopped by Niklas Backstrom with a rebound.
2:50 of 2nd period - Off-side.
2:51 of 2nd period - Glen Metropolit wins face-off versus Kyle Wellwood in neutral zone.
3:00 of 2nd period - Slapshot by Kristopher Letang.
3:00 of 2nd period - Stopped by Niklas Backstrom without a rebound.
3:01 of 2nd period - Daniel Briere wins face-off versus Jeff Carter in Flyers zone.
3:02 of 2nd period - Snap shot by Chris Drury.
3:02 of 2nd period - Stopped by Niklas Backstrom with a rebound.
3:04 of 2nd period - Slapshot by Kristopher Letang.
3:04 of 2nd period - Stopped by Niklas Backstrom without a rebound.
3:05 of 2nd period - Chris Drury wins face-off versus Jeff Carter in Flyers zone.
3:10 of 2nd period - Snap shot by Chris Drury.
3:10 of 2nd period - Shot Misses the Net.
3:12 of 2nd period - Slapshot by Kristopher Letang.
3:12 of 2nd period - Deflect By R.J. Umberger.
3:12 of 2nd period - Shot Misses the Net.
3:12 of 2nd period - Puck is out of play.
3:13 of 2nd period - Chris Drury wins face-off versus Jeff Carter in Flyers zone.
3:14 of 2nd period - Snap shot by R.J. Umberger.
3:14 of 2nd period - Goal by R.J. Umberger - Flyers : 2 - Wild : 1.
3:15 of 2nd period - Jeff Carter wins face-off versus Chris Drury in neutral zone.
3:40 of 2nd period - Eric Brewer is hit by Pascal Dupuis and loses puck.
3:47 of 2nd period - Backhand shot by Jarome Iginla.
3:47 of 2nd period - Stopped by Martin Brodeur without a rebound.
3:48 of 2nd period - Glen Metropolit wins face-off versus Martin St. Louis in Wild zone.
4:13 of 2nd period - Snap shot by Jeff Carter.
4:13 of 2nd period - Shot Misses the Net.
4:36 of 2nd period - Icing by Stephane Robidas.
4:37 of 2nd period - Matt Moulson wins face-off versus Kyle Wellwood in Flyers zone.
4:48 of 2nd period - Snap shot by Fredrik Modin.
4:48 of 2nd period - Goal by Fredrik Modin - Flyers : 2 - Wild : 2.
4:49 of 2nd period - Jeff Carter wins face-off versus Chris Drury in neutral zone.
5:12 of 2nd period - Minor Penalty to Jeff Carter for Interference.
5:13 of 2nd period - Chris Drury wins face-off versus Nils Ekman in Flyers zone.
5:45 of 2nd period - Jeff Woywitka is hit by Kristopher Letang and loses puck.
6:01 of 2nd period - Icing by R.J. Umberger.
6:02 of 2nd period - Kyle Wellwood wins face-off versus Chris Drury in Wild zone.
6:11 of 2nd period - Jonathan Ericsson is hit by Chris Drury and loses puck.
6:30 of 2nd period - Wrist shot by Chris Drury.
6:30 of 2nd period - Goal by Chris Drury - Flyers : 2 - Wild : 3.
6:31 of 2nd period - Jeff Carter wins face-off versus Vaclav Prospal in neutral zone.
6:56 of 2nd period - Chris Drury is hit by Kyle Wellwood and loses puck.
8:25 of 2nd period - Chris Drury is hit by Scott Hartnell and loses puck.
8:31 of 2nd period - Icing by Toni Lydman.
8:32 of 2nd period - Chris Drury wins face-off versus Jeff Carter in Wild zone.
8:41 of 2nd period - Wrist shot by Chris Drury.
8:41 of 2nd period - Shot Misses the Net.
8:43 of 2nd period - Slapshot by Toni Lydman.
8:43 of 2nd period - Stopped by Niklas Backstrom without a rebound.
8:44 of 2nd period - Jeff Carter wins face-off versus Glen Metropolit in Flyers zone.
9:09 of 2nd period - Matthew Lombardi is hit by Kristopher Letang.
11:17 of 2nd period - Icing by Toni Lydman.
11:18 of 2nd period - Jeff Carter wins face-off versus Glen Metropolit in Wild zone.
12:17 of 2nd period - Daniel Briere is hit by Martin St. Louis and loses puck.
12:38 of 2nd period - Snap shot by Nils Ekman.
12:38 of 2nd period - Shot Misses the Net.
12:40 of 2nd period - Slapshot by Trevor Daley.
12:40 of 2nd period - Stopped by Martin Brodeur without a rebound.
12:41 of 2nd period - Jeff Carter wins face-off versus Vaclav Prospal in Wild zone.
13:08 of 2nd period - Scott Hartnell is hit by Greg Zanon and loses puck.
13:15 of 2nd period - Snap shot by Pascal Dupuis.
13:15 of 2nd period - Shot Misses the Net.
13:25 of 2nd period - Minor Penalty to Kyle Wellwood for Hooking.
13:26 of 2nd period - Matthew Lombardi wins face-off versus Daniel Briere in Flyers zone.
13:53 of 2nd period - Jonathan Ericsson is hit by Matt Moulson and loses puck.
14:02 of 2nd period - Snap shot by Matt Moulson.
14:02 of 2nd period - Goal by Matt Moulson - Flyers : 2 - Wild : 4.
14:02 of 2nd period - Adam Munro enters game.
14:03 of 2nd period - Jeff Carter wins face-off versus Chris Drury in neutral zone.
14:31 of 2nd period - Slapshot by Kristopher Letang.
14:31 of 2nd period - Stopped by Adam Munro with a rebound.
14:51 of 2nd period - Snap shot by Matthew Lombardi.
14:51 of 2nd period - Stopped by Martin Brodeur without a rebound.
14:52 of 2nd period - Petr Schastlivy wins face-off versus Glen Metropolit in Wild zone.
15:30 of 2nd period - Icing by Jonathan Ericsson.
15:31 of 2nd period - Chris Drury wins face-off versus Petr Schastlivy in Flyers zone.
15:34 of 2nd period - Snap shot by Chris Drury.
15:34 of 2nd period - Stopped by Adam Munro with a rebound.
15:36 of 2nd period - Slapshot by R.J. Umberger.
15:36 of 2nd period - Stopped by Adam Munro without a rebound.
15:37 of 2nd period - Chris Drury wins face-off versus Jeff Carter in Flyers zone.
16:02 of 2nd period - Kristopher Letang is hit by Kyle Wellwood.
16:17 of 2nd period - Daniel Briere is hit by Jeff Woywitka and loses puck.
16:35 of 2nd period - Off-side.
16:36 of 2nd period - Martin St. Louis wins face-off versus Vaclav Prospal in neutral zone.
16:45 of 2nd period - Slapshot by Mike York.
16:45 of 2nd period - Stopped by Martin Brodeur with a rebound.
17:01 of 2nd period - Kyle Wellwood is hit by Greg Zanon and loses puck.
17:08 of 2nd period - Slapshot by Glen Metropolit.
17:08 of 2nd period - Stopped by Adam Munro with a rebound.
17:10 of 2nd period - Snap shot by Pascal Dupuis.
17:10 of 2nd period - Shot Blocked by Randy Jones.
17:26 of 2nd period - Slapshot by Cody McLeod.
17:26 of 2nd period - Stopped by Adam Munro with a rebound.
17:37 of 2nd period - Icing by Trevor Daley.
17:38 of 2nd period - Jeff O'Neill wins face-off versus Chris Drury in Flyers zone.
18:25 of 2nd period - Fedor Tyutin is hit by Kyle Wellwood and loses puck.
18:34 of 2nd period - Wrist shot by Pascal Dupuis.
18:34 of 2nd period - Goal by Pascal Dupuis - Flyers : 2 - Wild : 5.
18:35 of 2nd period - Chris Drury wins face-off versus Martin St. Louis in neutral zone.
19:10 of 2nd period - Wrist shot by Scott Hartnell.
19:10 of 2nd period - Shot Blocked by Toni Lydman.
19:22 of 2nd period - Niklas Kronwall is hit by Stephane Robidas and loses puck.
19:53 of 2nd period - Snap shot by Hnat Domenichelli.
19:53 of 2nd period - Shot Hit the Post.
19:55 of 2nd period - Snap shot by Hnat Domenichelli.
19:55 of 2nd period - Shot Blocked by Toni Lydman.
Goals for this period are 0 for Flyers vs 5 for Wild.
Shots for this period are 6 for Flyers vs 17 for Wild.
3rd period
0:01 of 3rd period - Jeff Carter wins face-off versus Chris Drury in neutral zone.
0:12 of 3rd period - Wrist shot by Kristopher Letang.
0:12 of 3rd period - Shot Misses the Net.
0:14 of 3rd period - Wrist shot by Daniel Briere.
0:14 of 3rd period - Stopped by Adam Munro without a rebound.
0:15 of 3rd period - Vaclav Prospal wins face-off versus Kyle Wellwood in Flyers zone.
0:16 of 3rd period - Snap shot by Alexei Kovalev.
0:16 of 3rd period - Shot Blocked by Eric Brewer.
0:40 of 3rd period - Mike York is hit by Daniel Briere and loses puck.
0:46 of 3rd period - Eric Brewer is hit by Greg Zanon and loses puck.
0:49 of 3rd period - Backhand shot by Jonathan Ericsson.
0:49 of 3rd period - Stopped by Martin Brodeur with a rebound.
1:13 of 3rd period - Snap shot by Glen Metropolit.
1:13 of 3rd period - Stopped by Adam Munro without a rebound.
1:14 of 3rd period - Jeff Carter wins face-off versus Vaclav Prospal in Flyers zone.
1:42 of 3rd period - Backhand shot by Jarome Iginla.
1:42 of 3rd period - Shot Blocked by R.J. Umberger.
1:44 of 3rd period - Slapshot by Trevor Daley.
1:44 of 3rd period - Stopped by Martin Brodeur without a rebound.
1:45 of 3rd period - Kyle Wellwood wins face-off versus Chris Drury in Wild zone.
1:54 of 3rd period - Slapshot by Scott Hartnell.
1:54 of 3rd period - Shot Blocked by R.J. Umberger.
1:56 of 3rd period - Wrist shot by Eric Brewer.
1:56 of 3rd period - Shot Misses the Net.
2:00 of 3rd period - Snap shot by Jarome Iginla.
2:00 of 3rd period - Shot Hit the Post.
2:06 of 3rd period - Minor Penalty to Niklas Kronwall for High sticking.
2:07 of 3rd period - Glen Metropolit wins face-off versus Jarome Iginla in Wild zone.
2:13 of 3rd period - Icing by Scott Hartnell.
2:14 of 3rd period - Glen Metropolit wins face-off versus Kyle Wellwood in Flyers zone.
2:39 of 3rd period - Snap shot by Jonathan Ericsson.
2:39 of 3rd period - Shot Blocked by Toni Lydman.
2:43 of 3rd period - Snap shot by Jeff Carter.
2:43 of 3rd period - Shot Misses the Net.
2:45 of 3rd period - Slapshot by Martin St. Louis.
2:45 of 3rd period - Shot Misses the Net.
2:47 of 3rd period - Snap shot by Jeff Carter.
2:47 of 3rd period - Shot Blocked by Toni Lydman.
2:49 of 3rd period - Slapshot by Eric Brewer.
2:49 of 3rd period - Shot Misses the Net.
4:05 of 3rd period - Jonathan Ericsson is hit by Toni Lydman and loses puck.
4:06 of 3rd period - Penalty to Niklas Kronwall is over, Niklas Kronwall is back on ice.
4:40 of 3rd period - Snap shot by Petr Schastlivy.
4:40 of 3rd period - Stopped by Martin Brodeur with a rebound.
4:48 of 3rd period - Randy Jones is hit by R.J. Umberger.
5:27 of 3rd period - Jarome Iginla is hit by Fredrik Modin and loses puck.
6:39 of 3rd period - Mike York is hit by Daniel Briere.
8:32 of 3rd period - Cody McLeod is hit by Stephane Robidas and loses puck.
8:39 of 3rd period - Wrist shot by Anson Carter.
8:39 of 3rd period - Stopped by Adam Munro with a rebound.
8:41 of 3rd period - Slapshot by Greg Zanon.
8:41 of 3rd period - Stopped by Adam Munro with a rebound.
8:58 of 3rd period - Minor Penalty to Michael Ryder for Hooking.
8:59 of 3rd period - Matthew Lombardi wins face-off versus Chris Drury in Flyers zone.
9:09 of 3rd period - Wrist shot by Chris Drury.
9:09 of 3rd period - Stopped by Adam Munro with a rebound.
9:11 of 3rd period - Wrist shot by R.J. Umberger.
9:11 of 3rd period - Shot Misses the Net.
9:13 of 3rd period - Slapshot by Fedor Tyutin.
9:13 of 3rd period - Deflect By Daniel Briere.
9:13 of 3rd period - Goal by Daniel Briere - Flyers : 2 - Wild : 6.
9:14 of 3rd period - Jeff Carter wins face-off versus Chris Drury in neutral zone.
9:24 of 3rd period - Slapshot by Eric Brewer.
9:24 of 3rd period - Deflect By Jeff Carter.
9:24 of 3rd period - Stopped by Martin Brodeur with a rebound.
9:26 of 3rd period - Snap shot by Mike York.
9:26 of 3rd period - Stopped by Martin Brodeur without a rebound.
9:27 of 3rd period - Chris Drury wins face-off versus Jeff Carter in Wild zone.
9:27 of 3rd period - Chris Drury is hit by Jeff Woywitka.
10:09 of 3rd period - Kristopher Letang is hit by Scott Hartnell and loses puck.
10:16 of 3rd period - Minor Penalty to Alexei Kovalev for Hooking.
10:17 of 3rd period - Kyle Wellwood wins face-off versus Glen Metropolit in Wild zone.
11:47 of 3rd period - Mark Eaton is hit by Martin St. Louis and loses puck.
12:16 of 3rd period - Penalty to Alexei Kovalev is over, Alexei Kovalev is back on ice.
12:26 of 3rd period - Backhand shot by Jeff O'Neill.
12:26 of 3rd period - Deflect By Nils Ekman.
12:26 of 3rd period - Shot Misses the Net.
12:26 of 3rd period - Puck is out of play.
12:27 of 3rd period - Vaclav Prospal wins face-off versus Nils Ekman in Wild zone.
12:36 of 3rd period - Fedor Tyutin is hit by Nils Ekman and loses puck.
12:41 of 3rd period - Wrist shot by Jeff O'Neill.
12:41 of 3rd period - Stopped by Martin Brodeur with a rebound.
12:43 of 3rd period - Wrist shot by Jeff O'Neill.
12:43 of 3rd period - Stopped by Martin Brodeur with a rebound.
12:53 of 3rd period - Matthew Lombardi is hit by Daniel Briere and loses puck.
13:33 of 3rd period - Icing by Randy Jones.
13:34 of 3rd period - Glen Metropolit wins face-off versus Jeff Carter in Flyers zone.
13:45 of 3rd period - Slapshot by Stephane Robidas.
13:45 of 3rd period - Deflect By Glen Metropolit.
13:45 of 3rd period - Stopped by Martin Brodeur with a rebound.
13:47 of 3rd period - Snap shot by Martin St. Louis.
13:47 of 3rd period - Shot Misses the Net.
13:49 of 3rd period - Slapshot by Stephane Robidas.
13:49 of 3rd period - Deflect By Jeff Carter.
13:49 of 3rd period - Stopped by Martin Brodeur with a rebound.
13:55 of 3rd period - Minor Penalty to Glen Metropolit for Tripping.
13:56 of 3rd period - Kyle Wellwood wins face-off versus Chris Drury in Wild zone.
15:55 of 3rd period - Penalty to Glen Metropolit is over, Glen Metropolit is back on ice.
17:15 of 3rd period - Petr Schastlivy is hit by Fredrik Modin.
17:27 of 3rd period - Snap shot by Vaclav Prospal.
17:27 of 3rd period - Shot Blocked by Jeff O'Neill.
18:02 of 3rd period - Randy Jones is hit by Pascal Dupuis and loses puck.
18:15 of 3rd period - Mark Eaton is hit by Mike York and loses puck.
18:43 of 3rd period - Anson Carter is hit by Hnat Domenichelli and loses puck.
19:00 of 3rd period - Snap shot by Martin St. Louis.
19:00 of 3rd period - Deflect By Mike York.
19:00 of 3rd period - Stopped by Martin Brodeur with a rebound.
19:12 of 3rd period - Minor Penalty to Chris Drury for Holding.
19:13 of 3rd period - Kyle Wellwood wins face-off versus Glen Metropolit in Wild zone.
19:18 of 3rd period - Wrist shot by Jarome Iginla.
19:18 of 3rd period - Deflect By Kyle Wellwood.
19:18 of 3rd period - Shot Misses the Net.
19:18 of 3rd period - Puck is out of play.
19:19 of 3rd period - Scott Hartnell wins face-off versus Glen Metropolit in Wild zone.
Goals for this period are 0 for Flyers vs 1 for Wild.
Shots for this period are 10 for Flyers vs 6 for Wild.
Output by the SimonT Hockey Simulator (STHS) for François Prévost -- Original Page W3C XHTML 1.0 Valid